 Dungeon Crawl Stone Soup version 0.17.1-2-g5865329 (webtiles) character file.

2367 Mehman the Fighter (level 9, -4/82 HPs)
             Began as a Formicid Fighter on Jan 13, 2016.
             Was a Believer of Qazlal.
             Slain by a yak (6 damage)
             ... on level 6 of the Dungeon on Jan 28, 2016.
             The game lasted 00:33:14 (8233 turns).

Mehman the Fighter (Formicid Fighter)               Turns: 8233, Time: 00:33:14

Health: -4/82      AC:  8    Str: 21    XL:     9   Next: 72%
Magic:  0/9        EV: 11    Int:  8    God:    Qazlal [**....]
Gold:   348        SH: 13    Dex: 13    Spells: 0 memorised, 8 levels left

rFire  . . .     SeeInvis +     a - +0 trident
rCold  . . .     Clarity  .     b - +0 scale mail
rNeg   . . .     SustAt   .     c - +1 shield
rPois  .         Gourm    .     (helmet unavailable)
rElec  .         Spirit   +     m - +0 cloak
rCorr  .         Warding  .     (no gloves)
rMut   .         Stasis   +     (no boots)
MR     .....                    k - amulet of guardian spirit
Stlth  ..........               (no ring)
                                i - ring of invisibility

@: not resistant to hostile enchantments, extremely unstealthy
A: permanent stasis, dig shafts and tunnels, four strong arms, antennae 3, low
mp 1, robust 1, evolution 1
a: Dig, Shaft Self, Upheaval, Renounce Religion, Evoke Invisibility


You were on level 6 of the Dungeon.
You worshipped Qazlal.
Qazlal was pleased with you.
You were hungry.

You visited 1 branch of the dungeon, and saw 7 of its levels.
You also visited: Ossuary.

You collected 348 gold pieces.

Inventory:

Hand Weapons
 a - a +0 trident (weapon)
 H - a +2 falchion of protection
Armour
 b - a +0 scale mail (worn)
 c - a +1 shield (worn)
 m - a +0 cloak (worn)
Jewellery
 i - a ring of invisibility (left hand)
 k - an amulet of guardian spirit (around neck)
Wands
 j - a wand of slowing (37)
 q - a wand of digging (3)
 G - a wand of random effects (6)
Scrolls
 f - a scroll of enchant armour
 n - 3 scrolls of remove curse
 o - a scroll of holy word
 v - a scroll of fog
 x - a scroll of recharging
Potions
 g - 5 potions of haste
 l - 2 potions of curing
 p - 2 potions of might
 r - 2 potions of flight
 s - a potion of berserk rage {unknown}
 u - a potion of magic
 A - 2 potions of agility
 C - a potion of heal wounds
 D - a potion of cancellation
Books
 h - a book of Necromancy

   Spells                             Type                      Level
   a - Pain                           Necromancy                   1
   b - Animate Skeleton               Necromancy                   1
   c - Vampiric Draining              Necromancy                   3
   d - Regeneration                   Charms/Necromancy            3
   e - Animate Dead                   Necromancy                   4
   f - Control Undead                 Necromancy                   4
Comestibles
 e - 4 bread rations
 t - 2 beef jerkies


   Skills:
 * Level 8.4 Fighting
 + Level 5.9 Polearms
 - Level 3.2 Armour
 * Level 7.4 Dodging
 - Level 3.6 Shields
 + Level 1.9 Invocations


You had 8 spell levels left.
You didn't know any spells.

Dungeon Overview and Level Annotations

Branches:
Dungeon (7/15)             Temple (0/1) D:5

Altars:
Fedhas
Qazlal
Xom
The Shining One


Innate Abilities, Weirdness & Mutations

You are under a permanent stasis effect.
You can dig through walls and to a lower floor.
Your four strong arms can wield two-handed weapons with a shield.
You have a pair of large antennae on your head (SInv).
Your magical capacity is low (-10% MP).
You are robust (+10% HP).
You evolve.


Message History

You are too injured to fight recklessly!
You are too injured to fight recklessly!
You are too injured to fight recklessly!
You are too injured to fight recklessly!
You swing at nothing.
The yak gores you.
* * * LOW HITPOINT WARNING * * *
The shadow imp grinds its teeth.
There is a stone staircase leading up here.
The yak gores you!
* * * LOW HITPOINT WARNING * * *
You climb upwards.
There is a stone staircase leading down here.
You barely miss the yak.
The yak is lightly wounded.
The yak gores you!
* * * LOW HITPOINT WARNING * * *
You hit the yak but do no damage.
The yak is lightly wounded.
The yak gores you.
You die...

...#...§#.............#
####....#.............#
...#....#.............#
...#....#.............#
..##....#.............#
..##....#.............#
.§##....####+##.......#
..........#...'.......#
..##......#...#Y@.....#
..##......#...#.§.....#
..##.....##..##.......#
..##########'#....#+###
..........#..#....#..#
..........#..#....+..#
..........#..#....#..#
..##......'..#....#..#
####......#..#....#..#


You could see a yak.

Vanquished Creatures
  The ghost of Faustar the Magician, a novice DrCj of Vehumet (D:5)
  Eustachio (D:5)
  2 yaks (D:7)
  An ice beast (D:6)
  3 ogres
  A phantom (D:4)
  A giant frog (D:6)
  4 wights (D:6)
  2 crimson imps
  A hound (D:5)
  2 centaur zombies
  A jelly (D:5)
  An orc priest (D:4)
  2 giant frog skeletons
  Natasha (thrice) (D:2)
  An iguana (D:6)
  4 orc wizards
  4 worker ants
  A worker ant zombie (D:5)
  14 mummies
  5 adders
  3 gnolls (D:3)
  A shadow imp (D:5)
  2 oozes
  2 worms (D:3)
  2 giant geckos
  12 orcs
  2 ball pythons
  4 giant cockroaches
  5 goblins
  11 hobgoblins
  3 jackals (D:3)
  3 quokkas
  6 bats
  4 giant newts
  A gnoll skeleton (Ossuary)
  2 goblin skeletons (Ossuary)
  A jackal skeleton (D:4)
  11 kobolds
  2 kobold skeletons (Ossuary)
  2 orc skeletons (Ossuary)
  2 orc zombies (D:5)
  6 rats
  11 rat skeletons (Ossuary)
153 creatures vanquished.

Vanquished Creatures (others)
  An orc skeleton (Ossuary)
1 creature vanquished.

Grand Total: 154 creatures vanquished

Notes
Turn   | Place    | Note
--------------------------------------------------------------
     0 | D:1      | Mehman the Formicid Fighter began the quest for the Orb.
     0 | D:1      | Reached XP level 1. HP: 18/18 MP: 1/1
   422 | D:1      | Reached XP level 2. HP: 24/24 MP: 2/2
   489 | D:1      | Reached skill level 1 in Dodging
   621 | D:1      | Reached skill level 4 in Fighting
   621 | D:1      | Reached XP level 3. HP: 30/30 MP: 3/3
  1263 | D:2      | Noticed Natasha
  1278 | D:2      | Killed Natasha
  1278 | D:2      | Reached XP level 4. HP: 13/37 MP: 2/4
  1503 | D:2      | Found a stormy altar of Qazlal.
  1513 | D:2      | Became a worshipper of Qazlal Stormbringer
  1622 | D:2      | Noticed Natasha
  1634 | D:2      | Killed Natasha
  2017 | D:2      | Noticed Natasha
  2028 | D:2      | Killed Natasha
  2506 | D:3      | Reached XP level 5. HP: 41/43 MP: 5/5
  2529 | D:3      | Reached * piety under Qazlal
  3604 | D:4      | Noticed an ogre
  3609 | D:4      | Killed an ogre
  3609 | D:4      | Reached skill level 5 in Fighting
  3609 | D:4      | Reached XP level 6. HP: 31/51 MP: 4/6
  4179 | D:4      | Noticed an ogre
  4375 | D:3      | Killed an ogre
  4375 | D:3      | Reached XP level 7. HP: 6/56 MP: 0/7
  4795 | D:4      | Noticed an ogre
  4801 | D:4      | Killed an ogre
  4956 | D:5      | Entered Level 5 of the Dungeon
  4961 | D:5      | Noticed Faustar's ghost (novice DrCj)
  5021 | D:4      | Reached skill level 6 in Fighting
  5185 | D:5      | Killed Faustar's ghost
  5185 | D:5      | Reached skill level 5 in Dodging
  5185 | D:5      | Reached XP level 8. HP: 39/65 MP: 8/8
  5437 | D:5      | Noticed Eustachio
  5505 | D:5      | Reached ** piety under Qazlal
  5511 | D:5      | Found a sand-covered staircase.
  5515 | Ossuary  | Entered an ossuary
  5624 | Ossuary  | Reached skill level 7 in Fighting
  5972 | Ossuary  | Reached skill level 5 in Polearms
  6407 | D:5      | Killed Eustachio
  6407 | D:5      | Reached XP level 9. HP: 40/72 MP: 4/9
  6631 | D:5      | Gained mutation: You evolve. [potion of mutation]
  6631 | D:5      | Gained mutation: You are robust (+10% HP). [potion of mutation]
  6631 | D:5      | Gained mutation: Your magical capacity is low (-10% MP). [potion of mutation]
  6703 | D:5      | Reached skill level 1 in Invocations
  6870 | D:5      | Found a glowing golden altar of the Shining One.
  7133 | D:5      | Found a staircase to the Ecumenical Temple.
  7331 | D:6      | Found a shimmering altar of Xom.
  7631 | D:6      | Reached skill level 8 in Fighting
  7877 | D:6      | Found a blossoming altar of Fedhas.
  8232 | D:6      | HP: 2/82 [yak (8)]
  8233 | D:6      | Slain by a yak

Action                   |  1- 3 |  4- 6 |  7- 9 || total
-------------------------+-------+-------+-------++-------
Melee: Trident           |    96 |   226 |   548 ||   870
Invok: Upheaval          |       |       |     5 ||     5
  Use: Scroll            |     3 |       |    14 ||    17
       Potion            |       |     3 |     3 ||     6
  Eat: Chunk             |       |    11 |     3 ||    14
       Meat ration       |       |       |     2 ||     2
